 Dungeon Crawl Stone Soup version 0.26-a0-670-g578ab304f5 (webtiles) character file.

Game seed: 9403110973659275134

(classic levelgen) 24 EnegeticOcto the Digger (level 3, -1/23 HPs)
             Began as a Halfling Earth Elementalist on Oct 19, 2020.
             Slain by an adder (3 damage)
             ... on level 2 of the Dungeon.
             The game lasted 00:03:58 (473 turns).

EnegeticOcto the Digger (HaEE)                       Turns: 473, Time: 00:03:59

Health: -1/23      AC:  5    Str:  9    XL:     3   Next: 15%
Magic:  5/5        EV: 10    Int: 14    God:
Gold:   92         SH:  7    Dex: 14    Spells: 4/5 levels left

rFire    . . .     SeeInvis .   l - -1 hunting sling (curse)
rCold    . . .     Faith    .   h - +0 kite shield
rNeg     . . .     Spirit   .   i - +0 ring mail
rPois    .         Reflect  .   (no helmet)
rElec    .         Harm     .   (no cloak)
rCorr    .         Rampage  .   (no gloves)
MR       .....                  (no boots)
Stlth    +.........             (no amulet)
HPRegen  0.07/turn              (no ring)
MPRegen  0.09/turn              (no ring)

@: lethally poisoned (-1 -> -6)
A: small, mutation resistance 1
a: no special abilities


You were on level 2 of the Dungeon.
You visited 1 branch of the dungeon, and saw 3 of its levels.

You collected 92 gold pieces.

Inventory:

Hand Weapons
 g - a +0 spear
 l - a cursed -1 hunting sling (weapon)
Missiles
 b - 26 stones
 j - 13 sling bullets (quivered)
 m - 7 atropa-tipped darts
Armour
 c - a +0 robe
 h - a +0 kite shield (worn)
 i - a +0 ring mail (worn)
Scrolls
 n - a scroll of fog {!r}
Potions
 a - a potion of magic {unknown}
 k - 2 potions of berserk rage


   Skills:
 + Level 1.0 Fighting
 - Level 2.1 Dodging
 - Level 2.1 Stealth
 + Level 0.5 Shields
 - Level 1.5 Spellcasting
   Level 0.5 Transmutations
 - Level 3.6 Earth Magic


You had 4 spell levels left.
You knew the following spells:

 Your Spells              Type           Power        Failure   Level
a - Sandblast             Erth           ##....       71%         1

Your spell library contained the following spells:

 Spells                   Type           Power        Failure   Level
 Passwall                 Tmut/Erth      #.......     97%         2
 Stone Arrow              Conj/Erth      #.....       100%        3
 Petrify                  Tmut/Erth      #.......     100%        4
 Lee's Rapid Deconstruct  Erth           ##........   100%        5


Dungeon Overview and Level Annotations

Branches:
Dungeon (3/15)

Altars:


Innate Abilities, Weirdness & Mutations

You are small and have problems with some larger weapons.
You are somewhat resistant to further mutation.


Message History

You see here a bat corpse.
Found an escape hatch in the floor.
n - a scroll labeled RETHIL HOASAN
As you read the scroll labeled XOUNUSASHO, it crumbles to dust.
It is a scroll of identify.
k - 2 potions of berserk rage
As you read the scroll of identify {@r1}, it crumbles to dust.
n - a scroll of fog
As you read the scroll labeled GEOTOW AJEBI, it crumbles to dust.
You assume a fearsome visage.
Nothing appears to happen.
It was a scroll of fear.
As you read the scroll labeled WABYRU HUIVENT, it crumbles to dust.
You feel strangely unstable.
It was a scroll of teleportation.
As you read the scroll labeled FUZYDDEEN XACK, it crumbles to dust.
The air around you briefly surges with heat, but it dissipates.
It was a scroll of immolation.
Your surroundings suddenly seem different.
Found a silvery potion.
a - a silvery potion
Found a stone staircase leading down.
Found 13 gold pieces.
You now have 92 gold pieces (gained 13).
(D) Dungeon
Where to? (Enter - D:2, ? - help)
There is a stone staircase leading down here.
You climb downwards.
An adder and a worm come into view.
The adder hisses angrily.
There is a stone staircase leading up here.
Casting: Sandblast (safe; 71% risk of failure)
Confirm with . or Enter, or press ? or * to list all spells.
Aiming: Sandblast (safe; 71% risk of failure)
Press: ? - help, Shift-Dir - straight line, f - adder
Aim: an adder You miscast Sandblast.
You are very lightly contaminated with residual magic.
Nothing appears to happen.
You shoot a sling bullet.
The sling bullet barely misses the adder.
The adder misses you. The adder bites you.
You are poisoned.
The adder poisons you!
You climb upwards.
You feel sick.
There is a stone staircase leading down here.
You are too injured to fight recklessly!
You are too injured to fight recklessly!
You are too injured to fight recklessly!
Firing (i - inventory. (/) - cycle)
j - 20 sling bullets (quivered)
Press: ? - help, Shift-Dir - straight line, f - adder
Aim: an adder You shoot a sling bullet.
The sling bullet hits the adder but does no damage.
The adder bites you.
You are lethally poisoned!
The adder poisons you!
Firing (i - inventory. (/) - cycle)
j - 19 sling bullets (quivered)
Press: ? - help, Shift-Dir - straight line, f/p - adder
Aim: an adder You shoot a sling bullet.
The sling bullet closely misses the adder.
You feel sick. The adder bites you but does no damage.
The adder barely misses you.
Your magical contamination has completely faded away.
Firing (i - inventory. (/) - cycle)
j - 18 sling bullets (quivered)
Press: ? - help, Shift-Dir - straight line, f/p - adder
Aim: an adder You shoot a sling bullet.
The sling bullet closely misses the adder.
* * * LOW HITPOINT WARNING * * *
You feel sick. The adder bites you but does no damage.
The adder closely misses you.
Firing (i - inventory. (/) - cycle)
j - 17 sling bullets (quivered)
Press: ? - help, Shift-Dir - straight line, f/p - adder
Aim: an adder You shoot a sling bullet.
The sling bullet closely misses the adder.
* * * LOW HITPOINT WARNING * * *
You feel sick. The adder completely misses you. The adder closely misses you.
Firing (i - inventory. (/) - cycle)
j - 16 sling bullets (quivered)
Press: ? - help, Shift-Dir - straight line, f/p - adder
Aim: an adder You shoot a sling bullet.
The sling bullet closely misses the adder.
The adder barely misses you.
Firing (i - inventory. (/) - cycle)
j - 15 sling bullets (quivered)
Press: ? - help, Shift-Dir - straight line, f/p - adder
Aim: an adder You shoot a sling bullet.
The sling bullet completely misses the adder.
* * * LOW HITPOINT WARNING * * *
You feel sick. You block the adder's attack. The adder bites you.
* * * LOW HITPOINT WARNING * * *
Firing (i - inventory. (/) - cycle)
j - 14 sling bullets (quivered)
Press: ? - help, Shift-Dir - straight line, f/p - adder
Aim: an adder You shoot a sling bullet.
The sling bullet hits the adder.
The adder is moderately wounded.
* * * LOW HITPOINT WARNING * * *
You feel sick. You block the adder's attack. The adder bites you.
You die...

#..##.#
##.##.#
#..#.# #####
##.#.# ....#
#.#.# ###.#
#...# #.#
##..# #.#
#..#########
#.#
#S@.........
#.###
##.....####
#.#<#
#.....#
#.#.#
.......⌠..#
#.#.#
#####.....#
#.#.#
#.....#
#.#.#
##.#..#
#.#.# #...##
#.#.# #....


You could see an adder.

Vanquished Creatures
  A worm (D:2)
  A ball python (D:2)
  3 bats
  A hobgoblin (D:1)
  5 jackals
  2 kobolds
  A quokka (D:2)
  3 frilled lizards
  A goblin (D:2)
  3 rats
21 creatures vanquished.

Notes
Turn   | Place    | Note
-------+----------+-------------------------------------------
     0 | D:1      | EnegeticOcto the Halfling Earth Elementalist began the
                  | quest for the Orb.
     0 | D:1      | Reached XP level 1. HP: 11/11 MP: 3/3
   182 | D:2      | Reached XP level 2. HP: 14/17 MP: 4/4
   349 | D:1      | Reached XP level 3. HP: 12/22 MP: 3/5
   364 | D:1      | Reached skill level 1 in Fighting
   473 | D:2      | Slain by an adder

Illustrated notes

Levels and vault maps discovered:
D:1:      matt_arrival_refuge, layout_rooms
D:2:      layout_basic, old_standard_altar, solitary_fountain,
          kennysheep_small_spiral, minmay_small_reverse_x
D:3:      layout_loops_corners, overflow_temple_1_default,
          eat_drink_and_be_merry_uskayaw, ebering_ghost_rock_garden

Skill      XL: |  1  2  3 |
---------------+----------+-----
Fighting       | 1 |  1.0
Dodging        | |  2.1
Stealth        | |  2.1
Shields        | |  0.5
Spellcasting   | |  1.5
Transmutations | |  0.5
Earth Magic    | |  3.6

Action                   || total
-------------------------++-------
Melee: Spear             ||    30
       Unarmed           ||     4
 Fire: Hunting sling     ||    17
 Cast: Sandblast         ||    18
  Use: Scroll            ||     5
Armor: Robe              ||     1
       Ring mail         ||     7
Dodge: Dodged            ||    23
Block: Kite shield       ||    11

Table legend: (Time is in decaauts)
 A = Elapsed time spent in this place.
 B = Non-inter-level travel time spent in this place.
 C = Inter-level travel time spent in this place.
 D = Time resting spent in this place.
 E = Time spent auto-exploring this place.
 F = Levels seen in this place.
 G = Mean time per level.
                   A        B        C        D        E       F      G
               +--------+--------+--------+--------+--------+-----+--------+
         Total |    482 |    478 |      4 |      0 |      0 |   3 |  160.7 |
       Dungeon |    482 |    478 |      4 |      0 |      0 |   3 |  160.7 |
               +--------+--------+--------+--------+--------+-----+--------+

Top non-repeatable levels by time:
     D:2: 274 daAuts
     D:1: 204 daAuts
     D:3: 3 daAuts
